 Dungeon Crawl Stone Soup version 0.26-a0-1132-ge9770dfcb6 (webtiles) character file.

Game seed: 7560148237160601980

10616 innerfire34 the Cleaver (level 11, -6/124 HPs)
             Began as a Demonspawn Wanderer on Dec 20, 2020.
             Was a High Priest of Makhleb.
             Mangled by a very large slime creature (33 damage)
             ... on level 11 of the Dungeon.
             The game lasted 00:34:50 (10394 turns).

innerfire34 the Cleaver (Demonspawn Wanderer)      Turns: 10394, Time: 00:34:51

Health: -6/124     AC: 25    Str: 16    XL:     11   Next: 38%
Magic:  12/12      EV:  2    Int: 20    God:    Makhleb [*****.]
Gold:   576        SH:  0    Dex: 16    Spells: 8/10 levels left

rFire    . . .     SeeInvis .   j - +1 hand axe (distort)
rCold    . . .     Faith    .   (no shield)
rNeg     + + +     Spirit   .   (armour currently unavailable)
rPois    +         Reflect  .   (helmet currently unavailable)
rElec    .         Harm     .   (cloak currently unavailable)
rCorr    .         Rampage  .   (gloves currently unavailable)
Will     .....     NoTele   +   (boots currently unavailable)
Stlth    +++.......             l - amulet of the acrobat
HPRegen  0.30/turn              A - +6 ring of intelligence
MPRegen  0.13/turn              o - +6 ring of dexterity

@: tree-form (expiring)
A: clumsy 1, powered by death 1, powered by pain 1, wild magic 1
a: Renounce Religion, Minor Destruction, Lesser Servant of Makhleb, Major
Destruction, Greater Servant of Makhleb


You were on level 11 of the Dungeon.
You worshipped Makhleb.
Makhleb was extremely pleased with you.
You were a tree.
You visited 1 branch of the dungeon, and saw 11 of its levels.

You collected 576 gold pieces.

Inventory:

Hand Weapons
 j - a +1 hand axe of distortion (weapon)
Armour
 a - the +3 ring mail of Cedach (melded) {*Contam rPois Slay+3}
   (You found it on level 10 of the Dungeon)

   It affects your accuracy and damage with ranged weapons and melee attacks
   (+3).
   It protects you from poison.
   It causes magical contamination when unequipped.
 e - a scarf of repulsion
 k - a +2 cloak (melded)
Jewellery
 g - an uncursed ring of positive energy
 l - an amulet of the acrobat (around neck)
 o - a +6 ring of dexterity (right branch)
 q - an uncursed ring of poison resistance
 A - a +6 ring of intelligence (left branch)
 C - an uncursed amulet of guardian spirit
Wands
 f - a wand of polymorph (8)
 s - a wand of paralysis (5)
 u - a wand of flame (36)
 G - a wand of digging (8)
 I - a wand of random effects (29)
Scrolls
 b - 4 scrolls of fear
 d - a scroll of summoning {unknown}
 m - a scroll of fog
 n - 6 scrolls of remove curse
 p - 9 scrolls of teleportation
 r - a scroll of amnesia
 w - a scroll of magic mapping
 y - a scroll of identify
Potions
 c - a potion of lignification
 h - a potion of curing
 i - 3 potions of berserk rage
 t - a potion of might
 v - a potion of magic
 x - a potion of attraction {unknown}
 B - a potion of invisibility {unknown}
 E - a potion of brilliance
 H - 3 potions of flight


   Skills:
 - Level 6.4 Fighting
 - Level 1.6 Short Blades
 - Level 10.4 Axes
 + Level 1.8 Staves
 - Level 3.0 Armour
 * Level 9.8 Dodging
 - Level 4.5 Stealth
 * Level 3.9 Transmutations
 + Level 1.8 Invocations


You had 8 spell levels left.
You knew the following spells:

 Your Spells              Type           Power        Failure   Level
a - Wereblood             Tmut           20%          10%         2

Your spell library contained the following spells:

 Spells                   Type           Power        Failure   Level
 Beastly Appendage        Tmut           40%          6%          1
 Spider Form              Tmut/Pois      5%           34%         3
 Ice Form                 Ice/Tmut       10%          73%         4
 Blade Hands              Tmut           10%          78%         5


Dungeon Overview and Level Annotations

Branches:
Dungeon (11/15)            Temple (0/1) D:5            Lair (0/6) D:9
    Orc: D:9-12

Altars:
Dithmenos
Elyvilon
Fedhas
Kikubaaqudgha
Makhleb
Nemelex Xobeh
Ru
Sif Muna
Uskayaw
Vehumet
Yredelemnul
Zin

Shops:
D:4 =   D:11 ((

Annotations:
Abyss:1 Maggie


Innate Abilities, Weirdness & Mutations

((You have razor-sharp toenails.))
You regenerate a little health from kills.
You sometimes gain a little power by taking damage.
((Your movements are less encumbered by armour. (ER -4)))
((You have a pair of small horns on your head.))
You are clumsy. (Dex -2)
Your spells are a little harder to cast, but a little more powerful.


Message History

Space bends around the large slime creature!
The large slime creature is moderately wounded.
The large slime creature hits you but does no damage.
You slash the large slime creature!
The large slime creature is moderately wounded.
Two slime creatures merge to form a very large slime creature.
You slice the very large slime creature!!
Space bends around the very large slime creature.
The very large slime creature is moderately wounded.
You slash the very large slime creature!
The very large slime creature is heavily wounded.
The very large slime creature blinks!
You feel a little less mighty now.
You cannot move.
You hit the very large slime creature.
Space bends around the very large slime creature.
The very large slime creature is heavily wounded.
Your transformation is almost over.
You feel a little less agile now.
The very large slime creature hits you!!
You die...

### #.##### #.....# #.###.#
#$# #.# #.# #.# #.# #.# #.#
#.# ########## #.#
#♣#######......... #J#
#J##..............
#######.###.................
...............####.......##
#.#####........# #.......#
#........# #.......#
###...##.# #J#######
#⌠.⌠##.# #.# #.∩..#.# #.#


You could see a very large slime creature.

Vanquished Creatures
  Harold (D:7)
  A two-headed ogre (D:10)
  A centaur zombie (D:10)
  An efreet (D:10)
  2 hornets
  Sigmund (D:4)
  4 yaks (D:10)
  A wraith (D:11)
  A wyvern (D:6)
  Grum (D:10)
  Menkaure (D:6)
  Duvessa (D:7)
  2 orc warriors
  An ice beast (D:9)
  2 sky beasts
  5 black bears
  2 phantoms
  3 wolves (D:10)
  An ogre (D:9)
  10 centaurs
  A big kobold (D:10)
  8 bullfrogs
  Dowan (D:7)
  4 scorpions
  13 killer bees
  2 wights (D:8)
  6 howler monkeys
  An electric eel (D:10)
  2 orc priests
  A quasit (D:10)
  Crazy Yiuf (D:7)
  6 hounds
  A jelly (D:9)
  10 orc wizards
  4 bullfrog skeletons
  2 centaur skeletons
  Ijyb (D:3)
  3 iguanas
  7 worker ants
  A killer bee zombie (D:9)
  A hound zombie (D:6)
  A worker ant zombie (D:8)
  3 gnolls (D:4)
  A howler monkey skeleton (D:6)
  10 adders
  3 shadow imps
  A white imp (D:7)
  4 ufetubi
  2 oozes
  An adder zombie (D:6)
  A worm (D:2)
  3 dart slugs
  9 leopard geckos
  32 orcs
  7 giant cockroaches
  10 hobgoblins
  12 jackals
  4 quokkas
  8 bats
  5 frilled lizards
  12 goblins
  12 kobolds
  2 quokka zombies (D:7)
  5 rats
266 creatures vanquished.

Vanquished Creatures (collateral kills)
  An orc warrior (D:8)
  A wight (D:8)
2 creatures vanquished.

Vanquished Creatures (others)
  Robin (D:3)
  A hobgoblin (D:3)
  6 goblins (D:3)
8 creatures vanquished.

Grand Total: 276 creatures vanquished

Notes
Turn   | Place    | Note
-------+----------+-------------------------------------------
     0 | D:1      | innerfire34 the Demonspawn Wanderer began the quest for the
                  | Orb.
     0 | D:1      | innerfire34 set off with the following items: a +2 dagger,
                  | a scroll of fear, 2 potions of lignification, a +0 robe
     0 | D:1      | Reached XP level 1. HP: 16/16 MP: 1/1
   156 | D:1      | Gained mutation: Your movements are slightly less
                  | encumbered by armour. (ER -2) [demonic ancestry]
   156 | D:1      | Reached XP level 2. HP: 17/22 MP: 2/2
  1105 | D:1      | Reached XP level 3. HP: 27/27 MP: 3/3
  1383 | D:2      | Reached skill level 1 in Short Blades
  1383 | D:2      | Reached XP level 4. HP: 17/34 MP: 4/4
  1759 | D:2      | Found a burning altar of Makhleb.
  1826 | D:2      | Became a worshipper of Makhleb the Destroyer
  2664 | D:3      | Reached * piety under Makhleb
  2695 | D:3      | Noticed Ijyb
  2697 | D:3      | Killed Ijyb
  2698 | D:3      | Gained mutation: You have sharp toenails. [demonic
                  | ancestry]
  2698 | D:3      | Reached XP level 5. HP: 39/39 MP: 5/5
  2725 | D:3      | Reached skill level 1 in Axes
  3024 | D:3      | Found a radiant altar of Vehumet.
  3025 | D:3      | Noticed Robin
  3042 | D:3      | Killed Robin
  3116 | D:3      | Found a sacrificial altar of Ru.
  3245 | D:4      | Reached skill level 2 in Axes
  3469 | D:4      | Gained mutation: You sometimes gain a little power by
                  | taking damage. [demonic ancestry]
  3469 | D:4      | Reached XP level 6. HP: 30/47 MP: 6/6
  3491 | D:4      | Reached skill level 3 in Axes
  3742 | D:4      | Noticed Sigmund
  3763 | D:4      | Killed Sigmund
  3764 | D:4      | Reached skill level 4 in Axes
  3764 | D:4      | Gained mutation: You have razor-sharp toenails. [demonic
                  | ancestry]
  3764 | D:4      | Reached XP level 7. HP: 23/52 MP: 7/7
  4005 | D:4      | Found Quilerch's Jewellery Shop.
  4152 | D:4      | Reached ** piety under Makhleb
  4315 | D:5      | Entered Level 5 of the Dungeon
  4517 | D:5      | Reached skill level 5 in Axes
  4590 | D:5      | Found a blossoming altar of Fedhas.
  4641 | D:5      | Found a staircase to the Ecumenical Temple.
  4796 | D:5      | Found an ancient bone altar of Kikubaaqudgha.
  4797 | D:5      | Found a basalt altar of Yredelemnul.
  4877 | D:6      | Gained mutation: Your movements are less encumbered by
                  | armour. (ER -4) [demonic ancestry]
  4877 | D:6      | Reached XP level 8. HP: 59/60 MP: 8/8
  4898 | D:6      | Reached skill level 6 in Axes
  5109 | D:6      | Noticed a +0 hand axe
  5109 | D:6      | Noticed a +0 hand axe
  5110 | D:6      | Found a hide-covered altar of Uskayaw.
  5270 | D:6      | Reached skill level 7 in Axes
  5759 | D:6      | Noticed Menkaure
  5763 | D:6      | Killed Menkaure
  5764 | D:6      | Reached skill level 5 in Fighting
  5940 | D:6      | Reached *** piety under Makhleb
  6153 | D:7      | Noticed Duvessa
  6159 | D:7      | Noticed Dowan
  6161 | D:7      | Killed Duvessa
  6175 | D:7      | Gained mutation: You regenerate a little health from kills.
                  | [demonic ancestry]
  6175 | D:7      | Reached XP level 9. HP: 65/68 MP: 9/9
  6189 | D:7      | Killed Dowan
  6292 | D:7      | Found a sand-covered staircase.
  6598 | D:7      | Reached skill level 8 in Axes
  6605 | D:7      | Reached skill level 1 in Armour
  6698 | D:7      | Found a runed translucent door.
  6699 | D:7      | Noticed Crazy Yiuf
  6811 | D:7      | Noticed Maggie
  6813 | D:7      | Banished Maggie
  6814 | D:7      | Reached skill level 5 in Dodging
  6945 | D:7      | Noticed Harold
  6956 | D:7      | Killed Harold
  6957 | D:7      | Reached skill level 9 in Axes
  7629 | D:7      | Found a glowing silver altar of Zin.
  7629 | D:7      | Noticed an angel
  7732 | D:7      | Killed Crazy Yiuf
  8025 | D:8      | Found a sparkling altar of Nemelex Xobeh.
  8109 | D:8      | Reached XP level 10. HP: 53/77 MP: 10/10
  8110 | D:8      | Reached skill level 1 in Invocations
  8186 | D:8      | Found a shimmering blue altar of Sif Muna.
  8246 | D:8      | Gained mutation: You have claws for feet. [potion of
                  | mutation]
  8246 | D:8      | Gained mutation: You are somewhat resistant to further
                  | mutation. [potion of mutation]
  8247 | D:8      | Lost mutation: You are somewhat resistant to further
                  | mutation. [potion of mutation]
  8247 | D:8      | Lost mutation: You have claws for feet. [potion of
                  | mutation]
  8247 | D:8      | Gained mutation: You are clumsy. (Dex -2) [potion of
                  | mutation]
  8247 | D:8      | Gained mutation: You have a pair of small horns on your
                  | head. [potion of mutation]
  8247 | D:8      | Gained mutation: Your spells are a little harder to cast,
                  | but a little more powerful. [potion of mutation]
  8256 | D:8      | Found a shadowy altar of Dithmenos.
  8652 | D:9      | Found a staircase to the Lair.
  8661 | D:9      | Reached skill level 10 in Axes
  8738 | D:9      | Reached **** piety under Makhleb
  8937 | D:9      | Found a white marble altar of Elyvilon.
  9035 | D:9      | Learned a level 2 spell: Wereblood
  9053 | D:10     | Entered Level 10 of the Dungeon
  9089 | D:10     | Reached skill level 1 in Transmutations
  9168 | D:10     | Got a translucent ring mail
  9181 | D:10     | Identified the +3 ring mail of Cedach {*Contam rPois
                  | Slay+3} (You found it on level 10 of the Dungeon)
  9217 | D:10     | Reached XP level 11. HP: 83/83 MP: 12/12
  9241 | D:10     | Reached ***** piety under Makhleb
  9355 | D:10     | Noticed a two-headed ogre
  9365 | D:10     | Killed a two-headed ogre
  9468 | D:10     | Noticed Grum
  9493 | D:10     | Killed Grum
  9905 | D:11     | Noticed a sun demon
  9906 | D:11     | Noticed a sun demon
  9929 | D:11     | Noticed a soul eater
 10315 | D:11     | Found Quenel's Weapon Shop.
 10347 | D:11     | HP: 3/83 [very large slime creature (38)]
 10358 | D:11     | Found Hagasistu's Antique Weapon Shop.
 10394 | D:11     | Mangled by a very large slime creature

Illustrated notes

Levels and vault maps discovered:
D:1:      minmay_arrival_plants_in_alcoves, layout_basic, minmay_misc_feat_chi
D:2:      layout_loops_ring, bloody_makhleb, minmay_domino_4
D:3:      layout_loops_ring, nicolae_ru_great_annihilating_truth,
          fiery_altar_vehumet, uniq_robin, uniq_ijyb
D:4:      layout_cave_pools, serial_shops, nicolae_shop_behind_doors,
          uniq_sigmund
D:5:      layout_cave_pools, nicolae_overflow_hidden_temple,
          minmay_temple_entry_mist
D:6:      layout_loops_ring, dancing_weapons_uskayaw, dk_noncrumbling_4,
          uniq_menkaure
D:7:      layout_basic, zin_angel, enter_ossuary_4, uniq_harold, uniq_duvessa,
          uniq_crazy_yiuf_cottage, uniq_maggie
D:8:      layout_basic, old_standard_altar, nemelex_xobeh_ov_fountains_minmay,
          basic_altar, kennysheep_generic_room_7
D:9:      layout_roguey, lemuel_coloured_pillars_altar, lair_entry_dummy
D:10:     layout_rooms, nrook_pool_corridor, minmay_between, uniq_grum
D:11:     layout_basic, serial_shops, kennysheep_mini, shop_fountains

Skill      XL: |  1  2  3  4  5  6  7  8  9 10 11 |
---------------+----------------------------------+-----
Dodging        | 2 3 4 5 8 9 |  9.8
Stealth        | 4 |  4.5
Short Blades   | 1 |  1.6
Axes           | 2 4 5 7 9 10 | 10.4
Fighting       | 3 4 5 6 |  6.4
Armour         | 3 |  3.0
Invocations    | 1 |  1.8
Transmutations | 2 3 |  3.9
Staves         | |  1.8

Action                   |  1- 3 |  4- 6 |  7- 9 | 10-12 || total
-------------------------+-------+-------+-------+-------++-------
Melee: Dagger            |    96 |    33 |       |       ||   129
       Hand axe          |       |   111 |   235 |   278 ||   624
       Kick              |       |     5 |    63 |    75 ||   143
       Headbutt          |       |       |       |    41 ||    41
 Cast: Wereblood         |       |       |       |     2 ||     2
Invok: Minor Destruction |       |       |     1 |       ||     1
       Lesser Servant of |       |       |     1 |       ||     1
  Use: Potion            |       |     2 |     2 |    13 ||    17
       Scroll            |       |       |    15 |     3 ||    18
 Stab: Sleeping          |     6 |    16 |    16 |     6 ||    44
       Paralysed         |       |     1 |       |       ||     1
Armor: Robe              |    13 |    16 |    12 |       ||    41
       Skin              |       |    45 |     1 |     5 ||    51
       Ring mail         |       |       |     5 |    27 ||    32
       Scale mail        |       |       |    19 |    46 ||    65
Dodge: Dodged            |    65 |    84 |   142 |   271 ||   562

Table legend: (Time is in decaauts)
 A = Elapsed time spent in this place.
 B = Non-inter-level travel time spent in this place.
 C = Inter-level travel time spent in this place.
 D = Time resting spent in this place.
 E = Time spent auto-exploring this place.
 F = Levels seen in this place.
 G = Mean time per level.
                   A        B        C        D        E       F      G
               +--------+--------+--------+--------+--------+-----+--------+
         Total |  10359 |   9858 |    501 |      0 |   7993 |  11 |  941.7 |
       Dungeon |  10359 |   9858 |    501 |      0 |   7993 |  11 |  941.7 |
               +--------+--------+--------+--------+--------+-----+--------+

Top non-repeatable levels by time:
     D:7: 1798 daAuts
     D:1: 1357 daAuts
     D:6: 1307 daAuts
     D:2: 1113 daAuts
     D:4: 1095 daAuts
     D:3: 770 daAuts
    D:11: 663 daAuts
    D:10: 655 daAuts
     D:8: 630 daAuts
     D:5: 526 daAuts
     D:9: 441 daAuts
